 Dungeon Crawl Stone Soup version 0.19.4-9-g45fd643 (webtiles) character file.

130 empire the Bolt Thrower (level 4, -3/33 HPs)
             Began as a Mummy Hunter on Feb 15, 2017.
             Slain by an orc priest (5 damage)
             ... on level 3 of the Dungeon.
             The game lasted 00:06:36 (3456 turns).

empire the Bolt Thrower (Mummy Hunter)              Turns: 3456, Time: 00:06:37

Health: -3/33      AC:  5    Str: 15    XL:     4   Next: 89%
Magic:  4/4        EV: 12    Int: 10    God:
Gold:   155        SH:  0    Dex: 13    Spells: 0 memorised, 3 levels left

rFire  x . .     SeeInvis .     b - +0 dagger (pain)
rCold  + + .     Gourm    .     c - +0 leather armour
rNeg   + + +     Faith    .     (no shield)
rPois  ∞         Spirit   .     e - +0 helmet (curse)
rElec  .         Reflect  .     (no cloak)
rCorr  .         Harm     .     (no gloves)
MR     .....                    n - +0 pair of boots
Stlth  +.........               l - amulet of regeneration
                                j - ring of positive energy
                                i - ring of protection from cold

@: no status effects
A: no food or potions, fire vulnerability, cold resistance 1, negative energy
resistance 3, torment resistance, unbreathing
a: no special abilities


You were on level 3 of the Dungeon.
You were not hungry.

You visited 1 branch of the dungeon, and saw 3 of its levels.

You collected 155 gold pieces.

Inventory:

Hand Weapons
 a - a +1 hand crossbow
 b - a +0 dagger of pain (weapon)
 f - a +0 short sword
Armour
 c - a +0 leather armour (worn)
 e - a cursed +0 helmet (worn)
 n - a +0 pair of boots (worn)
Jewellery
 i - a ring of protection from cold (left hand)
 j - a ring of positive energy (right hand)
 l - an amulet of regeneration (around neck)
 s - an uncursed ring of flight
Wands
 t - a wand of heal wounds (3/9)
Scrolls
 g - 8 scrolls of identify {unknown}
 h - a scroll of recharging {unknown}
 k - 3 scrolls of teleportation {unknown}
 m - a scroll of amnesia {unknown}
 o - a scroll of random uselessness {unknown}
 p - 2 scrolls of remove curse {unknown}
 q - a scroll of enchant weapon {unknown}
 r - a scroll of noise {unknown}
 u - a scroll of enchant armour {unknown}


   Skills:
 - Level 2.0 Fighting
 + Level 2.1 Short Blades
 + Level 4.0 Crossbows
 + Level 2.4 Dodging
 - Level 0.7 Stealth


You had 3 spell levels left.
You didn't know any spells.

Dungeon Overview and Level Annotations

Branches:
Dungeon (3/15)

Altars:
Kikubaaqudgha
Nemelex Xobeh
Okawaru
Ru
Vehumet


Innate Abilities, Weirdness & Mutations

You do not eat or drink.
Your flesh is vulnerable to fire.
You are immune to poison.
Your flesh is cold resistant. (rC+)
You are immune to negative energy. (rN+++)
You are immune to unholy pain and torment.
You can survive without breathing.


Message History

* * * LOW HITPOINT WARNING * * *
You hit the orc.
The orc is moderately wounded.
The orc priest miscasts a cantrip.
The orc barely misses you.
You closely miss the orc.
The orc is moderately wounded.
The orc hits you but does no damage.
The orc hits the plant but does no damage.
You completely miss the orc priest.
The orc priest is lightly wounded.
The orc barely misses you. The orc priest hits you.
* * * LOW HITPOINT WARNING * * *
The orc hits you with a dagger.
* * * LOW HITPOINT WARNING * * *
The orc hits the plant.
You barely miss the orc priest.
The orc priest is lightly wounded.
The orc closely misses you. The orc priest hits you.
You die...

..oP.P.. ...... ..... ### # .P
.. ♣..P♣ .... # ... ..P ♣..P♣
..... . ♣♣P.P P..♣♣♣P.P♣♣♣..#
....P.PP....PPPoP.P.P.#
...............oo.....#
.PP.P....:....Po@†.PP.# ♣P..♣
♣P.P♣♣♣P..♣♣♣..# ♣P..♣ ♣P.P♣
♣..P♣ ♣P....
♣♣P..♣♣♣...♣♣♣P..♣♣♣..###
PP...P........).P.P...###
.............)..........#
##...#.##.#.###.###.###.######
# ##.###.##...# #.#...#
#....#.#### .>†....####.#
#.#.#.###.##...†...


You could see an orc priest and 3 orcs.

Vanquished Creatures
  5 adders (D:2)
  An ooze (D:3)
  3 worms
  4 dart slugs
  A leopard gecko (D:2)
  An orc (D:3)
  2 ball pythons
  5 giant cockroaches
  4 goblins
  8 hobgoblins
  2 jackals (D:2)
  2 quokkas (D:3)
  9 bats
  5 frilled lizards
  4 kobolds
  8 rats
64 creatures vanquished.

Vanquished Creatures (others)
  2 plants (D:3)
2 creatures vanquished.

Grand Total: 66 creatures vanquished

Notes
Turn   | Place    | Note
-------+----------+-------------------------------------------
     0 | D:1      | empire the Mummy Hunter began the quest for the Orb.
     0 | D:1      | Reached XP level 1. HP: 16/16 MP: 1/1
   102 | D:1      | Reached XP level 2. HP: 18/22 MP: 2/2
   533 | D:1      | Reached skill level 1 in Short Blades
   940 | D:1      | Reached XP level 3. HP: 20/27 MP: 3/3
  1220 | D:2      | Found an ancient bone altar of Kikubaaqudgha.
  1646 | D:2      | Found an iron altar of Okawaru.
  1831 | D:2      | Reached XP level 4. HP: 27/33 MP: 4/4
  2539 | D:2      | Found a sacrificial altar of Ru.
  2539 | D:2      | Found a sparkling altar of Nemelex Xobeh.
  2545 | D:2      | Found a radiant altar of Vehumet.
  2548 | D:2      | Found a faded altar of an unknown god.
  2550 | D:2      | Found a faded altar of an unknown god.
  3042 | D:3      | Reached skill level 4 in Crossbows
  3456 | D:3      | Slain by an orc priest

Skill      XL: |  1  2  3  4 |
---------------+-------------+-----
Short Blades   | 1 2 |  2.1
Dodging        | 2 |  2.4
Crossbows      | 4 |  4.0
Fighting       | |  2.0
Stealth        | |  0.7

Action                   |  1- 3 |  4- 6 || total
-------------------------+-------+-------++-------
Melee: Dagger            |   109 |   199 ||   308
 Fire: Hand crossbow     |    45 |    32 ||    77
 Stab: Sleeping          |     1 |       ||     1
Armor: Leather armour    |    48 |    49 ||    97
Dodge: Dodged            |    98 |   143 ||   241
